 Dungeon Crawl Stone Soup version 0.13-a0-2682-gb26bf1a (webtiles) character file.

447 M4edhros the Charlatan (level 6, -2/39 HPs)
             Began as an Octopode Artificer on Aug 14, 2013.
             Slain by an ice beast (8 damage)
             ... on Level 5 of the Dungeon.
             The game lasted 00:08:41 (3254 turns).

M4edhros the Charlatan (Octopode Artificer)         Turns: 3254, Time: 00:08:41

HP  -2/39        AC  1     Str 10      XL: 6   Next: 48%
MP  10/13        EV 12     Int 16      God:
Gold 123         SH  0     Dex 12      Spells:  1 memorised,  6 levels left

Res.Fire  : . . .   See Invis. : .   j - +2,+3 dagger (venom)
Res.Cold  : . . .   Warding    : +   (no shield)
Life Prot.: + . .   Conserve   : .   (helmet restricted)
Res.Poison: .       Res.Corr.  : .   m - amulet of warding
Res.Elec. : .       Clarity    : .   (no ring)
Sust.Abil.: . .     Spirit.Shd : .   (no ring)
Res.Mut.  : .       Stasis     : .   (no ring)
Res.Rott. : .       Flight     : .   (no ring)
Saprovore : . . .                    (no ring)
                                     (no ring)
                                     (no ring)
                                     (no ring)

@: slightly resistant to hostile enchantments, stealthy
A: almost no armour, amphibious, 8 rings, constrict 8, camouflage 1,
regeneration 1, AC +1, Str -1
a: no special abilities


You were on level 5 of the Dungeon.
You were very hungry.

You visited 1 branch of the dungeon, and saw 5 of its levels.

You collected 103 gold pieces.

Inventory:

Hand weapons
 a - a +0,+0 short sword
 e - a +2 blowgun
 j - a +2,+3 dagger of venom (weapon)
Missiles
 r - 9 poisoned needles
Magical devices
 b - a wand of flame (3)
 c - a wand of enslavement (9)
 d - a wand of random effects (10)
 v - a wand of teleportation (6)
Comestibles
 f - a bread ration
 g - 2 apples
 i - a rambutan
 p - a meat ration
 s - a banana
Scrolls
 h - a scroll of fog
 n - 3 scrolls of teleportation
 o - a scroll of enchant weapon I
 q - 2 scrolls of curse weapon
 t - a scroll of identify
 w - a scroll of remove curse {unknown}
Jewellery
 m - an amulet of warding (around mantle)
Books
 k - a book of Conjurations

   Spells                             Type                      Level
   Magic Dart                         Conjuration                  1
   *Searing Ray                       Conjuration                  2
   Dazzling Spray                     Conjuration/Hexes            3
   Iskenderun's Mystic Blast          Conjuration                  4
   Iskenderun's Battlesphere          Conjuration/Charms           4
   Fulminant Prism                    Conjuration/Hexes            5


   Skills:
 - Level 1.0 Fighting
 - Level 1.0 Short Blades
 - Level 2.0 Dodging
 - Level 1.3 Stealth
 + Level 1.5 Spellcasting
 + Level 1.6 Conjurations
 * Level 7.5 Evocations


You had 6 spell levels left.
You knew the following spells:

 Your Spells              Type           Power        Failure   Level  Hunger
a - Searing Ray           Conj           #.....       21%         2    ###....


Dungeon Overview and Level Annotations

Branches:
Dungeon (5/27)
 Temple: D:4-7

Altars:
Ashenzari

Shops:
D:4: (

Annotations
D:4 Duvessa


Innate Abilities, Weirdness & Mutations

You cannot wear most types of armour.
You are amphibious.
You can wear up to eight rings at the same time.
You can use your tentacles to constrict many enemies at once.
Your skin changes colour to match your surroundings (Stlth).
Your rubbery body absorbs attacks (AC +1).
You are clumsy (Dex -1).
Your muscles are flexible, but weak (Str -1, Dex +1).
Your natural rate of healing is unusually fast.


Message History

The ice beast closely misses you.
Evoke which item? (* to show all) (? for menu, Esc to quit)
Zapping:
b - a wand of flame (5)
Press: ? - help, Shift-Dir - straight line, f/p - ice beast
Aim: an ice beast (heavily wounded)
The puff of flame hits the ice beast.
The ice beast melts!
The ice beast is severely wounded.
This wand has 4 charges left.
The ice beast hits you. The ice beast freezes you!
* * * LOW HITPOINT WARNING * * *
Evoke which item? (* to show all) (? for menu, Esc to quit)
Zapping:
b - a wand of flame (4)
Press: ? - help, Shift-Dir - straight line, f/p - ice beast
Aim: an ice beast (severely wounded)
The puff of flame hits the ice beast.
The ice beast melts!
The ice beast is almost dead.
This wand has 3 charges left.
The ice beast hits you.
* * * LOW HITPOINT WARNING * * *
The ice beast freezes you!
You die...

######### #.......#
#.......# #.......#
#.......###.......######
#...>...'.'.......'.....
#.......###.......######
#.......# #.......#
#.......# #.......#
#.......# #.......#
#......@# #.......#
####.##I....####### #.
#.....# #. #.....#
......# ..##### ... ....
.##


You could see an ice beast.

Vanquished Creatures
  An ogre (D:3)
  Dowan (D:4)
  2 worker ants (D:4)
  2 scorpions
  A jelly (D:4)
  5 adders
  5 worms
  An ooze (D:4)
  5 bats
  5 goblins
  5 hobgoblins
  8 jackals
  8 kobolds
  A quokka (D:4)
  A ball python (D:3)
  A giant cockroach (D:4)
  3 giant geckos
  A kobold skeleton (D:5)
  An orc skeleton (D:4)
  7 rats
  A rat skeleton (D:4)
65 creatures vanquished.

Notes
Turn   | Place    | Note
--------------------------------------------------------------
     0 | D:1      | M4edhros, the Octopode Artificer, began the quest for the Orb.
     0 | D:1      | Reached XP level 1. HP: 14/14 MP: 1/1
   121 | D:1      | Reached skill level 4 in Evocations
   121 | D:1      | Reached XP level 2. HP: 9/19 MP: 3/3
   694 | D:2      | Gained mutation: Your natural rate of healing is unusually fast. [potion of mutation]
   694 | D:2      | Gained mutation: You are clumsy (Dex -1). [potion of mutation]
   694 | D:2      | Gained mutation: Your muscles are flexible, but weak (Str -1, Dex +1). [potion of mutation]
   695 | D:2      | M4edhros: nice
   713 | D:2      | Reached XP level 3. HP: 15/24 MP: 5/5
   884 | D:2      | Reached skill level 5 in Evocations
  1114 | D:2      | Reached XP level 4. HP: 22/29 MP: 7/7
  1349 | D:3      | Noticed an ogre
  1375 | D:3      | HP: 1/29 [ogre/giant spiked club (28)]
  1380 | D:3      | Killed an ogre
  1380 | D:3      | Reached skill level 6 in Evocations
  1380 | D:3      | Reached XP level 5. HP: 2/34 MP: 8/10
  1596 | D:4      | Learned a level 2 spell: Searing Ray
  1608 | D:4      | Reached skill level 7 in Evocations
  1824 | D:4      | Noticed Dowan
  1826 | D:4      | Noticed Duvessa
  1837 | D:4      | Dowan (ally) was killed
  1837 | D:4      | Your ally died
  1870 | D:4      | Noticed Duvessa
  1870 | D:4      | Duvessa changed into Duvessa the swamp drake
  1871 | D:4      | M4edhros: heh
  1871 | D:4      | M4edhros: bad
  1872 | D:4      | tesudzi: yeah
  2113 | D:3      | Reached skill level 1 in Conjurations
  2221 | D:4      | Found Opuaruah's Weapon Boutique.
  2225 | D:4      | Reached skill level 1 in Spellcasting
  2225 | D:4      | Reached XP level 6. HP: 39/39 MP: 11/13
  2275 | D:4      | Paralysed by a potion of paralysis for 2 turns
  2752 | D:4      | Noticed an ogre
  2988 | D:4      | Found a shattered altar of Ashenzari.
  3105 | D:5      | Entered Level 5 of the Dungeon
  3251 | D:5      | M4edhros: hmpf
  3251 | D:5      | M4edhros: badly counted
  3254 | D:5      | Slain by an ice beast

Action                   |  1- 3 |  4- 6 || total
-------------------------+-------+-------++-------
Melee: Short sword       |    57 |     5 ||    62
       Dagger            |       |    96 ||    96
 Cast: Searing Ray       |       |     2 ||     2
Evoke: Wand              |       |    23 ||    23
  Use: Potion            |     5 |     6 ||    11
       Scroll            |     4 |     6 ||    10
 Stab: Sleeping          |     3 |     4 ||     7
